 Dungeon Sprint DCSS version 0.29-a0-187-ga23d9638d5 (webtiles) character file.

Game seed: 16400471438570773882

0 cyrus the Shield-Bearer (level 3, -5/35 HPs)
             Began as a Gnoll Fighter on Feb 21, 2022.
             Slain by a necrophage (6 damage)
             ... in the Dungeon (Sprint VI: "Thunderdome").
             The game lasted 00:01:01 (95 turns).

cyrus the Shield-Bearer (Gnoll Fighter)               Turns: 95, Time: 00:01:01

Health: -5/35      AC:  0    Str: 15    XL:     3   Next: 22%
Magic:  1/5        EV:  9    Int:  9    God:
Gold:   0          SH:  5    Dex: 11    Spells: 5/5 levels left

rFire   . . .      SeeInvis .   a - +0 long sword
rCold   . . .      Faith    .   c - +0 buckler
rNeg    . . .      Spirit   .   b - +0 scale mail
rPois   .          Reflect  .   (no helmet)
rElec   .          Harm     .   (no cloak)
rCorr   .          Rampage  .   (no gloves)
Will    .....      NoTele   +   (no boots)
Stlth   ..........              (no amulet)
HPRegen 0.11/turn               (no ring)
MPRegen 0.09/turn               (no ring)

@: corroded, on berserk cooldown, slowed, very slow
A: fangs 1, strong nose, distributed training
a: no special abilities


You were in the Dungeon.
You visited 1 branch

Inventory:

Hand Weapons
 a - a +0 long sword (weapon)
Armour
 b - a +0 scale mail (worn)
 c - a +0 buckler (worn)
Scrolls
 j - a scroll of blinking
Potions
 d - a potion of might
 e - a potion of curing
 g - a potion of haste
 h - 2 potions of magic


   Skills:
 + Level 6.8 Fighting
 + Level 1.9 Short Blades
 + Level 4.9 Long Blades
 + Level 1.9 Axes
 + Level 1.9 Maces & Flails
 + Level 1.9 Polearms
 + Level 1.9 Staves
 + Level 1.9 Slings
 + Level 1.9 Bows
 + Level 1.9 Crossbows
 + Level 1.9 Throwing
 + Level 6.8 Armour
 + Level 1.9 Dodging
 + Level 1.9 Stealth
 + Level 6.8 Shields
 + Level 1.9 Unarmed Combat
 + Level 1.9 Spellcasting
 + Level 1.5 Conjurations
 + Level 1.5 Hexes
 + Level 1.5 Summonings
 + Level 1.5 Necromancy
 + Level 1.5 Translocations
 + Level 1.5 Transmutations
 + Level 1.5 Fire Magic
 + Level 1.5 Ice Magic
 + Level 1.5 Air Magic
 + Level 1.5 Earth Magic
 + Level 1.5 Poison Magic
 + Level 2.1 Invocations
 + Level 1.9 Evocations


You had 5 spell levels left.
You didn't know any spells.
Your spell library was empty.

Dungeon Overview and Level Annotations

Branches:
Dungeon (1/1)

Altars:
Cheibriados
Fedhas
Gozag
Kikubaaqudgha
Okawaru
Qazlal
Sif Muna
Trog
Uskayaw
Vehumet
Xom
Yredelemnul
Zin
Beogh
Lugonu

Shops:
D ??:(!!!!


Innate Abilities, Weirdness & Mutations

You have very sharp teeth.
Your uncanny sense of smell can sniff out nearby items.
Your experience applies equally to all skills.


Message History

Your Maces & Flails skill increases to level 1!
Your Polearms skill increases to level 1!
Your Staves skill increases to level 1!
Your Slings skill increases to level 1!
Your Bows skill increases to level 1!
Your Crossbows skill increases to level 1!
Your Throwing skill increases to level 1!
Your Dodging skill increases to level 1!
Your Stealth skill increases to level 1!
Your Unarmed Combat skill increases to level 1!
Your Spellcasting skill increases to level 1!
Your Conjurations skill increases to level 1!
Your Hexes skill increases to level 1!
Your Summonings skill increases to level 1!
Your Necromancy skill increases to level 1!
Your Translocations skill increases to level 1!
Your Transmutations skill increases to level 1!
Your Fire Magic skill increases to level 1!
Your Ice Magic skill increases to level 1!
Your Air Magic skill increases to level 1!
Your Earth Magic skill increases to level 1!
Your Poison Magic skill increases to level 1!
Your Invocations skill gained 2 levels and is now at level 2!
Your Evocations skill increases to level 1!
You have reached level 2!
You have reached level 3!
Your experience leads to an increase in your attributes!
Increase (S)trength, (I)ntelligence, or (D)exterity?
You feel clever. x2
Unknown command.
You feel a strong urge to attack something.
The jackal bites you.
* * * LOW HITPOINT WARNING * * *
You feel your anger nearly subside.
You are no longer berserk.
You are exhausted.
You feel yourself slow down. The jackal bites you.
* * * LOW HITPOINT WARNING * * *
You block the jackal's attack. The jackal barely misses you.
The necrophage hits you.
You die...

#_......._# #_......._#
#........_# ###.........###
#⌠.......†...⌠#
#.8.........8.######
___......###.......__∩##
........8.# #.8hn......∩###
..........###...@.........##
.......###...###..........⌠#
....... #.<.# #..........⌠#
....... #...###..........⌠#
.........###.............##
...8. #.8........∩### .....
#.......__∩##
#.8.........8.######
#⌠...........⌠#


You could see a necrophage and a jackal.

Vanquished Creatures
  A jelly (D)
  A giant cockroach (D)
2 creatures vanquished.

Notes
Turn   | Place    | Note
-------+----------+-------------------------------------------
     0 | D        | cyrus the Gnoll Fighter began the quest for the Orb.
     0 | D        | Reached XP level 1. HP: 23/23 MP: 1/1
     0 | D        | Found a hide-covered altar of Uskayaw.
     1 | D        | Found a radiant altar of Vehumet.
     1 | D        | Found an opulent altar of Gozag.
     2 | D        | Found a glowing silver altar of Zin.
     3 | D        | Found Deomuneo's Do-It-Yourself Clinic.
     3 | D        | Found an iron altar of Okawaru.
     3 | D        | Found a stormy altar of Qazlal.
     3 | D        | Found Vocajaekk's Distillery.
     4 | D        | Found Niomish's Bottled Wisdom.
     4 | D        | Found Fuizam's Distillery.
     5 | D        | Round 1.
    22 | D        | Found a corrupted altar of Lugonu.
    44 | D        | Found an ancient bone altar of Kikubaaqudgha.
    45 | D        | Found a blossoming altar of Fedhas.
    47 | D        | Found Jucwag's Staff Store.
    48 | D        | Found a shimmering altar of Xom.
    48 | D        | Found a basalt altar of Yredelemnul.
    48 | D        | Found Xoptubru's Magic Scroll Shop.
    49 | D        | Found Nyesaigu's Must-Have Magic.
    49 | D        | Found Womaol's Magic Scroll Shop.
    66 | D        | Noticed a necrophage
    69 | D        | Found a bloodstained altar of Trog.
    69 | D        | Noticed a jelly
    70 | D        | Found a snail-covered altar of Cheibriados.
    71 | D        | Found a shimmering blue altar of Sif Muna.
    89 | D        | Killed a jelly
    90 | D        | Reached skill level 1 in Short Blades
    90 | D        | Reached skill level 1 in Axes
    90 | D        | Reached skill level 1 in Maces & Flails
    90 | D        | Reached skill level 1 in Polearms
    90 | D        | Reached skill level 1 in Staves
    90 | D        | Reached skill level 1 in Slings
    90 | D        | Reached skill level 1 in Bows
    90 | D        | Reached skill level 1 in Crossbows
    90 | D        | Reached skill level 1 in Throwing
    90 | D        | Reached skill level 1 in Dodging
    90 | D        | Reached skill level 1 in Stealth
    90 | D        | Reached skill level 1 in Unarmed Combat
    90 | D        | Reached skill level 1 in Spellcasting
    90 | D        | Reached skill level 1 in Conjurations
    90 | D        | Reached skill level 1 in Hexes
    90 | D        | Reached skill level 1 in Summonings
    90 | D        | Reached skill level 1 in Necromancy
    90 | D        | Reached skill level 1 in Translocations
    90 | D        | Reached skill level 1 in Transmutations
    90 | D        | Reached skill level 1 in Fire Magic
    90 | D        | Reached skill level 1 in Ice Magic
    90 | D        | Reached skill level 1 in Air Magic
    90 | D        | Reached skill level 1 in Earth Magic
    90 | D        | Reached skill level 1 in Poison Magic
    90 | D        | Reached skill level 1 in Evocations
    90 | D        | Reached XP level 2. HP: 5/29 MP: 1/4
    90 | D        | Reached XP level 3. HP: 6/35 MP: 1/5
    94 | D        | HP: 1/35 [jackal (2)]
    95 | D        | Slain by a necrophage

Illustrated notes

Levels and vault maps discovered:
D:        arena_sprint

Skill      XL: |  1 |
---------------+----+-----
Short Blades   | 1 |  1.9
Axes           | 1 |  1.9
Maces & Flails | 1 |  1.9
Polearms       | 1 |  1.9
Staves         | 1 |  1.9
Slings         | 1 |  1.9
Bows           | 1 |  1.9
Crossbows      | 1 |  1.9
Throwing       | 1 |  1.9
Dodging        | 1 |  1.9
Stealth        | 1 |  1.9
Unarmed Combat | 1 |  1.9
Spellcasting   | 1 |  1.9
Conjurations   | 1 |  1.5
Hexes          | 1 |  1.5
Summonings     | 1 |  1.5
Necromancy     | 1 |  1.5
Translocations | 1 |  1.5
Transmutations | 1 |  1.5
Fire Magic     | 1 |  1.5
Ice Magic      | 1 |  1.5
Air Magic      | 1 |  1.5
Earth Magic    | 1 |  1.5
Poison Magic   | 1 |  1.5
Invocations    | 2 |  2.1
Evocations     | 1 |  1.9
Fighting       | |  6.8
Long Blades    | |  4.9
Armour         | |  6.8
Shields        | |  6.8

Action                   || total
-------------------------++-------
Melee: Long sword        ||     7
       Bite              ||     1
  Use: Potion            ||     2
Armor: Scale mail        ||    12
Dodge: Dodged            ||    12
Block: Buckler           ||    12

Table legend: (Time is in decaauts)
 A = Elapsed time spent in this place.
 B = Non-inter-level travel time spent in this place.
 C = Inter-level travel time spent in this place.
 D = Time resting spent in this place.
 E = Time spent auto-exploring this place.
 F = Levels seen in this place.
 G = Mean time per level.
                   A        B        C        D        E       F      G
               +--------+--------+--------+--------+--------+-----+--------+
         Total |     94 |     84 |     10 |      0 |     18 |   1 |   94.0 |
       Dungeon |     94 |     84 |     10 |      0 |     18 |   1 |   94.0 |
               +--------+--------+--------+--------+--------+-----+--------+

Top non-repeatable levels by time:
       D: 94 daAuts
